 Dungeon Crawl Stone Soup version 0.28.0-49-g6dfe1f597d (webtiles) character file.

Game seed: 15314121587480338173

671 bnorton916 the Firebug (level 7, -6/36 HPs)
             Began as a Deep Elf Fire Elementalist on May 15, 2022.
             Was an Initiate of Gozag.
             Shot with an arrow by a centaur (7 damage)
             ... on level 6 of the Dungeon.
             The game lasted 00:08:43 (8287 turns).

bnorton916 the Firebug (Deep Elf Fire Elementalist) Turns: 8287, Time: 00:08:44

Health: -6/36      AC:  8    Str:  5    XL:     7   Next: 32%
Magic:  14/15      EV: 11    Int: 22    God:    Gozag
Gold:   569        SH:  0    Dex: 15    Spells: 4/14 levels left

rFire   . . .      SeeInvis .   (no weapon)
rCold   + . .      Faith    .   (no shield)
rNeg    . . .      Spirit   .   b - +2 leather armour {rC+}
rPois   .          Reflect  .   o - +0 helmet
rElec   .          Harm     .   (no cloak)
rCorr   .          Rampage  .   (no gloves)
Will    .....                   (no boots)
Stlth   ++........              e - amulet of magic regeneration
HPRegen 0.12/turn               (no ring)
MPRegen 0.54/turn               (no ring)

@: lethally poisoned (-6 -> -19)
A: iridescent scales 1, MP-powered wands
a: Renounce Religion, Potion Petition, Call Merchant, Bribe Branch


You were on level 6 of the Dungeon.
You worshipped Gozag.
Gozag was pleased with you.
You visited 1 branch of the dungeon, and saw 6 of its levels.

You collected 629 gold pieces.
You paid 60 gold pieces to Gozag.

Inventory:

Hand Weapons
 r - a +1 flail of protection
Armour
 a - a +0 robe
 b - a +2 leather armour of cold resistance (worn)
 o - a +0 helmet (worn)
Jewellery
 e - an amulet of magic regeneration (around neck)
 q - a ring of positive energy
Scrolls
 c - a scroll of holy word
 n - a scroll of immolation
Potions
 d - 4 potions of attraction
 g - 2 potions of flight
 i - a potion of lignification {unknown}
 j - a potion of mutation
 l - 2 potions of cancellation {unknown}
 p - 3 potions of curing {unknown}
 u - a potion of resistance {unknown}


   Skills:
 + Level 3.3 Armour
 - Level 2.4 Dodging
 - Level 2.4 Stealth
 - Level 4.0 Spellcasting
 + Level 4.9 Conjurations
 + Level 6.0 Fire Magic


You had 4 spell levels left.
You knew the following spells:

 Your Spells              Type           Power      Damage    Failure   Level
a - Foxfire               Conj/Fire      100%       2x1d9     1%          1
b - Scorch                Fire           60%        2d8       2%          2
c - Conjure Flame         Conj/Fire      28%        6-21      6%          3
d - Flame Wave            Conj/Fire      28%        2d8       19%         4

Your spell library contained the following spells:

 Spells                   Type           Power      Damage    Failure   Level
 Inner Flame              Hex/Fire       17%        N/A       16%         3
 Corpse Rot               Necr/Air       8%         N/A       26%         2
 Ensorcelled Hibernation  Hex/Ice        8%         N/A       26%         2
 Poisonous Vapours        Pois/Air       8%         N/A       26%         2
 Spider Form              Tmut/Pois      4%         N/A       47%         3
 Anguish                  Hex/Necr       2%         N/A       87%         4


Dungeon Overview and Level Annotations

Branches:
Dungeon (6/15)
 Temple: D:4-7

Altars:
Ashenzari
Gozag
Kikubaaqudgha
Nemelex Xobeh
Wu Jian

Annotations:
D:5 Sigmund


Innate Abilities, Weirdness & Mutations

You are partially covered in iridescent scales. (AC +2)
You expend magic power (3 MP) to strengthen your wands.


Message History

The gnoll shaman barely misses you. The gnoll hits you but does no damage.
The gnoll hits you from afar with a +0 spear.
The gnoll shaman hits you with a +1 whip of venom!
The gnoll shaman calls upon its god to heal the gnoll.
The gnoll's wounds heal themselves!
The gnoll is no longer more vulnerable to fire.
The gnoll closely misses you. The gnoll barely misses you.
There is a stone staircase leading down here.
The gnoll misses you.
The gnoll shaman hits you but does no damage.
You are poisoned.
You climb downwards.
You feel sick.
There is a stone staircase leading up here.
Casting: Scorch (safe; 2% risk of failure)
Confirm with . or Enter, or press ? or * to list all spells.
Flames lash the gnoll shaman.
The gnoll shaman is heavily wounded.
The gnoll shaman's fire resistance burns away.
You feel sick.
You hear a shout!
The gnoll shaman hits you with a +1 whip of venom!
* * * LOW HITPOINT WARNING * * *
You feel sick.
A centaur comes into view.
The gnoll shaman hits you with a +1 whip of venom.
* * * LOW HITPOINT WARNING * * *
You are lethally poisoned!
The centaur wields a +0 shortbow.
The centaur shoots an arrow.
The arrow barely misses you.
Okay, then.
It was a potion of mutation.
You feel extremely strange.
You feel your magical essence link to the dungeon's wands.
Iridescent scales grow over part of your body.
* * * LOW HITPOINT WARNING * * *
You feel very sick.
The centaur shoots an arrow.
The arrow hits you!
You die...
Your body crumbles into a pile of gold.

$ .c# ...
.. ..
..##... #.
...#...
.##......#
#.........
##.......
##.g...#
#...@# $
#.#...#
...###
#...Z
##... ##..
#.. ...


You could see a centaur, a gnoll shaman (combustible) and a centaur zombie.

Vanquished Creatures
  Edmund (D:4)
  A phantom (D:5)
  Blork the orc (D:4)
  A scorpion (D:4)
  A bullfrog zombie (D:5)
  A centaur zombie (D:5)
  A hound (D:2)
  A centaur skeleton (D:4)
  An orc wizard (D:3)
  Robin (D:3)
  5 gnolls (D:5)
  4 adders
  An ufetubus (D:3)
  An adder zombie (D:5)
  A worm (D:2)
  4 dart slugs (D:1)
  8 orcs
  6 bats
  9 endoplasms
  6 giant cockroaches
  11 goblins
  7 hobgoblins
  6 jackals
  10 kobolds
  2 quokkas (D:1)
  4 ball pythons
  5 frilled lizards
  4 rats
104 creatures vanquished.

Vanquished Creatures (others)
  355 foxfires
355 creatures vanquished.

Grand Total: 459 creatures vanquished

Notes
Turn   | Place    | Note
-------+----------+-------------------------------------------
     0 | D:1      | bnorton916 the Deep Elf Fire Elementalist began the quest
                  | for the Orb.
     0 | D:1      | Reached XP level 1. HP: 10/10 MP: 6/6
   250 | D:1      | Reached XP level 2. HP: 15/15 MP: 5/8
  1165 | D:1      | Reached XP level 3. HP: 19/19 MP: 7/10
  1827 | D:2      | Reached skill level 1 in Armour
  1827 | D:2      | Reached skill level 4 in Fire Magic
  1827 | D:2      | Reached XP level 4. HP: 11/24 MP: 7/12
  2021 | D:2      | Learned a level 2 spell: Scorch
  2025 | D:2      | Learned a level 3 spell: Conjure Flame
  2030 | D:2      | Learned a level 4 spell: Flame Wave
  2591 | D:2      | Found a faded altar of an unknown god.
  3181 | D:3      | Found an opulent altar of Gozag.
  3230 | D:3      | Became a worshipper of Gozag Ym Sagoz the Greedy
  3288 | D:3      | Reached XP level 5. HP: 17/28 MP: 8/13
  3484 | D:3      | Found a broken altar of Ashenzari.
  3497 | D:3      | Noticed Robin
  3529 | D:3      | Killed Robin
  4707 | D:4      | Reached skill level 5 in Fire Magic
  4707 | D:4      | Reached XP level 6. HP: 10/32 MP: 11/14
  5206 | D:4      | Found an ancient bone altar of Kikubaaqudgha.
  5333 | D:4      | Found a sparkling altar of Nemelex Xobeh.
  5344 | D:4      | Noticed Blork the orc
  5354 | D:4      | Killed Blork the orc
  5796 | D:5      | Entered Level 5 of the Dungeon
  5911 | D:5      | Noticed Sigmund
  7192 | D:5      | Noticed Edmund
  7219 | D:4      | HP: 1/32 [Edmund/+1 flail of protection (4)]
  7220 | D:4      | Killed Edmund
  7221 | D:4      | Reached XP level 7. HP: 1/36 MP: 10/15
  7970 | D:5      | Found an ornate altar of the Wu Jian Council.
  8271 | D:5      | Reached skill level 6 in Fire Magic
  8287 | D:6      | Gained mutation: You expend magic power (3 MP) to
                  | strengthen your wands. [potion of mutation]
  8287 | D:6      | Gained mutation: You are partially covered in iridescent
                  | scales. (AC +2) [potion of mutation]
  8287 | D:6      | HP: 1/36 [poisoned by a gnoll shaman]
  8287 | D:6      | Shot with an arrow by a centaur

Illustrated notes

Levels and vault maps discovered:
D:1:      co_arrival_random_square_maze, layout_basic
D:2:      layout_basic, ebering_ecumenical_altar_hall, minmay_tall_x
D:3:      minmay_spotlight, layout_rooms, grunt_gozag_statues,
          mainiacjoe_overflow_catwalk, minivault_25, minmay_misc_feat_rugged,
          uniq_robin
D:4:      layout_loops_ring, nemelex_spade_bored_becter, lemuel_round_altar,
          uniq_blork_the_orc
D:5:      layout_cave_pods, lemuel_crystal_altar, nicolae_elemental_shop,
          uniq_sigmund, uniq_duvessa, uniq_edmund
D:6:      layout_cave_pools, mainiacjoe_overflow_alcove_1,
          kennysheep_little_box, minmay_temple_entry_poolview, nrook_uturn

Skill      XL: |  1  2  3  4  5  6  7 |
---------------+----------------------+-----
Conjurations   | 2 3 4 |  4.9
Armour         | 1 2 3 |  3.3
Spellcasting   | 4 |  4.0
Fire Magic     | 4 5 6 |  6.0
Dodging        | |  2.4
Stealth        | |  2.4

Action                   |  1- 3 |  4- 6 |  7- 9 || total
-------------------------+-------+-------+-------++-------
Melee: Unarmed           |     1 |       |       ||     1
 Cast: Foxfire           |    56 |   148 |     8 ||   212
       Scorch            |       |    19 |     7 ||    26
  Use: Scroll            |       |    12 |       ||    12
       Potion            |       |       |     1 ||     1
Armor: Robe              |     9 |    10 |       ||    19
       Leather armour    |       |       |     7 ||     7
Dodge: Dodged            |    25 |    44 |    10 ||    79
